 Dungeon Sprint DCSS version bcrawl-1.18 (webtiles) character file.

Game seed: 1552516850035423940

5897 Freyura the Pandemonic (level 10, -3/96 HPs)
             Began as a Hill Orc Fighter on Nov 3, 2019.
             Was a High Priest of Makhleb.
             Engulfed by a red draconian's flame (17 damage)
             ... in the Dungeon (Sprint V: "Ziggurat Sprint").
             The game lasted 00:07:05 (420 turns).

Freyura the Pandemonic (Hill Orc Fighter)            Turns: 420, Time: 00:07:05

Health: -3/96      AC: 31    Str: 26    XL:     10   Next: 82%
Magic:  21/21      EV:  2    Int:  8    God:    Makhleb [*****.]
Gold:   0          SH: 37    Dex: 19    Spells: 9/9 levels left

rFire    . . .     SeeInvis .   T - +7 Screaming Sword {slice, sonic wave}
rCold    . . .     Gourm    .   J - +18 shield of the Gong {rElec rN+ MR+ EV-5}
rNeg     + . .     Faith    .   I - +15 Maxwell's patent armour {-Cast -Tele rElec MR+ rCorr}
rPois    .         Spirit   .   (no helmet)
rElec    +         Reflect  .   (no cloak)
rCorr    +         Harm     .   (no gloves)
MR       ++...     NoTele   +   (no boots) Stlth ..........NoCast +
                                (no amulet)
HPRegen  0.26/turn              D - +6 ring of strength
MPRegen  0.17/turn              y - +6 ring of dexterity

@: no status effects
A: no striking features
a: Minor Destruction, Lesser Servant of Makhleb, Major Destruction, Greater
Servant of Makhleb, Renounce Religion


You were in the Dungeon.
You worshipped Makhleb.
Makhleb was extremely pleased with you.
You were not hungry.

You visited 1 branch

Inventory:

Hand Weapons
 a - a +0 long sword
 F - the +6 Majin-Bo {vamp, *Drain Str+12 Int+24}
   (You found it in the Dungeon)

   It inflicts no extra harm, but heals its wielder when it wounds a living foe.
   It affects your strength (+12).
   It affects your intelligence (+24).
   It causes draining when unequipped.
 G - the +9 heavy crossbow "Sniper" {velocity, Acc+∞ SInv}
   (You found it in the Dungeon)

   Any bolt fired from it inflicts extra damage.
   It lets you see invisible.
 H - the +10 dark maul {crush}
   (You found it in the Dungeon)

   It inflicts extra damage upon your enemies.
 K - the cursed +14 obsidian axe {chop, +Fly SInv *Curse}
   (You found it in the Dungeon)

   It inflicts extra damage upon your enemies.
   It lets you see invisible.
   It lets you fly.
   It curses itself when equipped.
   It has a curse placed upon it.
 L - the +7 great mace "Firestarter" {inner flame, rF++}
   (You found it in the Dungeon)

   It has been specially enchanted to burn those struck by it, causing extra
   injury to most foes and up to half again as much damage against particularly
   susceptible opponents.
   It greatly protects you from fire.
 M - the +6 shillelagh "Devastator" {shatter}
   (You found it in the Dungeon)
 N - the +11 plutonium sword {*Contam Stlth-}
   (You found it in the Dungeon)

   It causes magical contamination when unequipped.
   It makes you less stealthy.
 O - the +8 lance "Wyrmbane" {slay drac, rPois rF+ rC+ AC+3}
   (You found it in the Dungeon)

   It affects your AC (+3).
   It protects you from fire.
   It protects you from cold.
   It protects you from poison.
 P - the +9 sword of Zonguldrok {reap}
   (You found it in the Dungeon)

   If a monster killed with it leaves a corpse in good enough shape, the corpse
   will be animated as a zombie friendly to the killer.
 Q - the cursed +13 scythe of Curses {drain, *Curse}
   (You found it in the Dungeon)

   A truly terrible weapon, it drains the life of those it strikes.
   It curses itself when equipped.
   It has a curse placed upon it.
 R - the +0 sword of Power
   (You found it in the Dungeon)
 S - the +7 mace of Variability {chain chaos}
   (You found it in the Dungeon)

   Each time it hits an enemy it has a different, random effect.
 T - the +7 Screaming Sword (weapon) {slice, sonic wave}
   (You found it in the Dungeon)

   It inflicts extra damage upon your enemies.
 U - the +7 longbow "Piercer" {penet, EV-2}
   (You found it in the Dungeon)

   Ammo fired by it will pass through the targets it hits, potentially hitting
   all targets in its path until it reaches maximum range.
   It affects your evasion (-2).
 V - the +5 pair of quick blades "Gyre" and "Gimble" {pierce}
   (You took it off a merfolk in the Dungeon)

   It inflicts extra damage upon your enemies.
 X - the +5 rapier of Xaobee {pain, rElec}
   (You found it in the Dungeon)

   In the hands of one skilled in necromantic magic, it inflicts extra damage on
   living creatures.
   It insulates you from electricity.
Armour
 b - a +0 scale mail
 c - a +0 shield
 I - the +15 Maxwell's patent armour (worn) {-Cast -Tele rElec MR+ rCorr}
   (You found it in the Dungeon)

   It insulates you from electricity.
   It affects your resistance to hostile enchantments.
   It prevents spellcasting.
   It prevents most forms of teleportation.
   It provides partial protection from all sources of acid and corrosion.
 J - the +18 shield of the Gong (worn) {rElec rN+ MR+ EV-5}
   (You found it in the Dungeon)

   It affects your evasion (-5).
   It insulates you from electricity.
   It protects you from negative energy.
   It affects your resistance to hostile enchantments.
Jewellery
 o - an uncursed ring of positive energy
 y - a +6 ring of dexterity (right hand)
 z - a +6 ring of dexterity
 A - a +6 ring of intelligence
 B - a +6 ring of intelligence
 C - a +6 ring of strength
 D - a +6 ring of strength (left hand)
 Y - an uncursed ring of protection from magic
Wands
 v - a wand of disintegration (6)
 w - a wand of iceblast (1)
 x - a wand of acid (6)
Scrolls
 k - 4 scrolls of blinking
 q - 4 scrolls of amnesia
 r - 7 scrolls of fog
 s - 5 scrolls of identify
 t - 5 scrolls of remove curse
 u - 2 scrolls of fear
Potions
 d - 6 potions of might
 e - 10 potions of curing
 g - 12 potions of heal wounds
 h - 6 potions of haste
 i - 7 potions of magic
 j - 3 potions of berserk rage
 l - 2 potions of brilliance
 m - 2 potions of invisibility
 n - 4 potions of resistance
 p - 5 potions of agility
Miscellaneous
 E - a lightning rod (4/4)
 W - a phial of floods
Comestibles
 f - 7 rations {!d}


   Skills:
 + Level 11.5 Fighting
   Level 11.5 Short Blades
   Level 11.5 Long Blades
   Level 11.5 Axes
   Level 11.5 Maces & Flails
   Level 11.5 Polearms
   Level 11.5 Staves
 + Level 13.9 Armour
 + Level 13.9 Shields
   Level 11.5 Unarmed Combat
 + Level 15.7 Invocations


You had 9 spell levels left.
You didn't know any spells.
Your spell library was empty.

Dungeon Overview and Level Annotations

Branches:
Dungeon (1/1)

Altars:
Ashenzari
Cheibriados
Dithmenos
Elyvilon
Fedhas
Gozag
Hepliaklqana
Kikubaaqudgha
Lugonu
Makhleb
Nemelex Xobeh
Okawaru
Qazlal
Ru
Sif Muna
Trog
Uskayaw
Vehumet
Wu Jian
Xom
Yredelemnul
Zin
The Shining One
Beogh
Jiyva


Message History

You barely miss the purple draconian.
The purple draconian is moderately wounded.
You are engulfed in blazing flames.
The red draconian hits you with a +0 flail!
* * * LOW HITPOINT WARNING * * *
You block the white draconian's attack.
BOUMMMMG!
You block the purple draconian's attack.
PANG!
You closely miss the purple draconian.
The purple draconian is moderately wounded.
You are engulfed in blazing flames.
* * * LOW HITPOINT WARNING * * *
You block the red draconian's attack.
BONNNG!
The white draconian hits you but does no damage.
You slash the purple draconian!
The purple draconian is heavily wounded.
You are engulfed in blazing flames.
You die...

▓..|="..▓
▓...)[..▓
▓.......▓
▓.......▓
▓.......▓
▓.....d.▓
▓.▓...▓d▓
▓...©.d@▓
▓▓▓▓▓▓▓▓▓


You could see a purple draconian, a red draconian and a white draconian.

Vanquished Creatures
  3 ugly things (D)
  8 draconians (D)
  4 merfolk (D)
  A slime creature (D)
  A tarantella (D)
  A swamp drake (shapeshifter) (D)
  A necrophage (D)
  3 phantoms (D)
  A scorpion (D)
  A wight (D)
  A jelly (D)
  An ooze (D)
  A leopard gecko zombie (D)
27 creatures vanquished.

Vanquished Creatures (others)
  A spatial maelstrom (D)
1 creature vanquished.

Grand Total: 28 creatures vanquished

Notes
Turn   | Place    | Note
-------+----------+-------------------------------------------
     0 | D        | Freyura the Hill Orc Fighter began the quest for the Orb.
     0 | D        | Reached XP level 1. HP: 20/20 MP: 1/1
     0 | D        | Found a shimmering blue altar of Sif Muna.
     0 | D        | Found a bloodstained altar of Trog.
     0 | D        | Found a sacrificial altar of Ru.
     0 | D        | Found a stormy altar of Qazlal.
     0 | D        | Found an iron altar of Okawaru.
     1 | D        | Found a sparkling altar of Nemelex Xobeh.
     1 | D        | Found a blossoming altar of Fedhas.
     2 | D        | Found the +6 Majin-Bo {vamp, *Drain Str+12 Int+24}
     2 | D        | Found the +7 great mace "Firestarter" {inner flame, rF++}
     3 | D        | Found a transporter.
     3 | D        | Found an ancient bone altar of Kikubaaqudgha.
     3 | D        | Found a viscous altar of Jiyva.
     3 | D        | Found a corrupted altar of Lugonu.
     3 | D        | Found a hazy altar of Hepliaklqana.
     3 | D        | Found a burning altar of Makhleb.
     3 | D        | Found an opulent altar of Gozag.
    10 | D        | Banished a spatial maelstrom
    26 | D        | Found the +9 heavy crossbow "Sniper" {velocity, Acc+∞ SInv}
    26 | D        | Found the +10 dark maul {crush}
    26 | D        | Found the +15 Maxwell's patent armour {-Cast -Tele rElec
                  | MR+ rCorr}
    26 | D        | Found the +18 shield of the Gong {rElec rN+ MR+ EV-5}
    26 | D        | Found the cursed +14 obsidian axe {chop, +Fly SInv *Curse}
    28 | D        | Found the +6 shillelagh "Devastator" {shatter}
    28 | D        | Found the +11 plutonium sword {*Contam Stlth-}
    28 | D        | Found the +8 lance "Wyrmbane" {slay drac, rPois rF+ rC+
                  | AC+3}
    28 | D        | Found the +9 sword of Zonguldrok {reap}
    28 | D        | Found the cursed +13 scythe of Curses {drain, *Curse}
    28 | D        | Found the +0 sword of Power
    28 | D        | Found the +7 mace of Variability {chain chaos}
    28 | D        | Found the +7 Singing Sword {slice, sonic wave}
    28 | D        | Found the +7 longbow "Piercer" {penet, EV-2}
    53 | D        | Became a worshipper of Makhleb the Destroyer
    60 | D        | Reached skill level 5 in Fighting
    60 | D        | Reached skill level 5 in Armour
    60 | D        | Reached skill level 5 in Shields
    60 | D        | Reached skill level 4 in Invocations
    60 | D        | Reached XP level 2. HP: 29/29 MP: 1/5
    67 | D        | Entered arena 2.
    67 | D        | Noticed a tarantella
    67 | D        | Noticed a scorpion
    67 | D        | Found a transporter.
    73 | D        | Killed a tarantella
    73 | D        | Reached skill level 7 in Invocations
    73 | D        | Reached XP level 3. HP: 38/38 MP: 2/8
    73 | D        | Reached XP level 4. HP: 45/45 MP: 2/9
    73 | D        | Reached XP level 5. HP: 51/51 MP: 2/10
    84 | D        | Entered arena 3.
    84 | D        | Noticed a slime creature
    84 | D        | Found a transporter.
    86 | D        | Reached * piety under Makhleb
    86 | D        | Reached skill level 8 in Invocations
    86 | D        | Reached XP level 6. HP: 58/58 MP: 3/12
    91 | D        | Killed a slime creature
    91 | D        | Reached skill level 9 in Invocations
   151 | D        | Entered arena 4.
   151 | D        | Noticed a merfolk
   151 | D        | Noticed a merfolk
   151 | D        | Noticed a merfolk
   151 | D        | Noticed a merfolk
   151 | D        | Found a transporter.
   162 | D        | Killed a merfolk
   162 | D        | Reached ** piety under Makhleb
   162 | D        | Reached skill level 10 in Invocations
   162 | D        | Reached XP level 7. HP: 23/68 MP: 14/14
   167 | D        | Killed a merfolk
   167 | D        | Reached skill level 10 in Shields
   167 | D        | Reached skill level 11 in Invocations
   167 | D        | Reached XP level 8. HP: 27/75 MP: 14/16
   170 | D        | Killed a merfolk
   170 | D        | Reached skill level 10 in Armour
   172 | D        | Killed a merfolk
   299 | D        | Entered arena 5.
   299 | D        | Noticed a purple ugly thing
   299 | D        | Noticed a cyan ugly thing
   299 | D        | Noticed a cyan ugly thing
   299 | D        | Found a transporter.
   303 | D        | Killed a cyan ugly thing
   303 | D        | Reached *** piety under Makhleb
   303 | D        | Reached skill level 12 in Invocations
   303 | D        | Reached XP level 9. HP: 84/84 MP: 16/18
   309 | D        | Killed a cyan ugly thing
   309 | D        | Reached skill level 13 in Invocations
   313 | D        | Killed a cyan ugly thing
   313 | D        | Reached **** piety under Makhleb
   313 | D        | Reached skill level 10 in Fighting
   320 | D        | Got the +5 rapier of Xaobee {pain, rElec}
   325 | D        | Entered arena 6.
   325 | D        | Noticed a draconian
   325 | D        | Noticed a draconian
   325 | D        | Noticed a draconian
   325 | D        | Noticed a draconian
   325 | D        | Noticed a draconian
   325 | D        | Found a transporter.
   333 | D        | Killed a draconian
   338 | D        | Killed a draconian
   338 | D        | Reached skill level 14 in Invocations
   338 | D        | Reached XP level 10. HP: 90/94 MP: 20/20
   339 | D        | Killed a draconian
   342 | D        | Killed a draconian
   344 | D        | Killed a draconian
   344 | D        | Reached ***** piety under Makhleb
   356 | D        | Entered arena 7.
   368 | D        | Reached skill level 15 in Invocations
   386 | D        | Found a transporter.
   397 | D        | Entered arena 8.
   397 | D        | Noticed a purple draconian
   397 | D        | Noticed a draconian
   397 | D        | Noticed a red draconian
   397 | D        | Noticed a draconian
   397 | D        | Noticed a draconian
   397 | D        | Noticed a white draconian
   409 | D        | Killed a draconian
   411 | D        | Killed a draconian
   415 | D        | Killed a draconian
   420 | D        | Engulfed by a red draconian's flame

Skill      XL: |  1  2  3  4  5  6  7  8  9 10 |
---------------+-------------------------------+-----
Fighting       | 5 6 8 9 10 11 | 11.5
Armour         | 5 7 9 11 12 13 | 13.9
Shields        | 5 7 9 10 11 12 13 | 13.9
Invocations    | 4 7 8 10 11 12 14 15 | 15.7
Short Blades   | | 11.5
Long Blades    | | 11.5
Axes           | | 11.5
Maces & Flails | | 11.5
Polearms       | | 11.5
Staves         | | 11.5
Unarmed Combat | | 11.5

Action                   |  1- 3 |  4- 6 |  7- 9 | 10-12 || total
-------------------------+-------+-------+-------+-------++-------
Melee: Double sword      |     5 |    13 |    31 |    48 ||    97
Evoke: Wand              |       |     6 |     2 |       ||     8
       Lightning rod     |       |       |       |     1 ||     1
  Use: Potion            |     1 |     1 |     1 |       ||     3
Armor: Plate armour      |     3 |    12 |    14 |    15 ||    44
Dodge: Dodged            |       |     1 |     1 |       ||     2
Block: Shield            |    11 |    32 |    60 |    57 ||   160
